 Dungeon Crawl Stone Soup version 0.21.1-1-g345015f (webtiles) character file.

81804 toffzen the Thaumaturge (level 15, -5/115 HPs)
             Began as a Gnoll Wanderer on June 25, 2018.
             Was a High Priest of Makhleb.
             Slain by a freezing wraith (6 damage)
             ... on level 15 of the Dungeon.
             The game lasted 02:11:53 (32850 turns).

toffzen the Thaumaturge (Gnoll Wanderer)           Turns: 32850, Time: 02:11:54

Health: -5/115     AC: 25    Str: 22    XL:     15   Next: 71%
Magic:  31/31      EV: 12    Int: 13    God:    Makhleb [*****.]
Gold:   1292       SH:  0    Dex: 17    Spells: 30/38 levels left

rFire    . . .     SeeInvis +   a - +2 battleaxe (drain)
rCold    + . .     Gourm    +   (shield currently unavailable)
rNeg     + + .     Faith    .   O - +2 plate armour {rF+}
rPois    .         Spirit   .   H - +2 helmet
rElec    .         Reflect  .   (no cloak)
rCorr    .         Harm     .   N - +2 pair of gloves
MR       +++..                  y - +1 pair of boots "Echig" {rC+ MR++}
Stlth    +.........             t - amulet of the Cast Vote {Gourm rC- rN++ Str+2 SInv}
HPRegen  0.29/turn              i - ring of stealth
MPRegen  0.22/turn              Z - ring of ice

@: slowed, very slow
A: distributed training, fangs 1, strong nose
a: Minor Destruction, Lesser Servant of Makhleb, Major Destruction, Greater
Servant of Makhleb, Renounce Religion


You were on level 15 of the Dungeon.
You worshipped Makhleb.
Makhleb was extremely pleased with you.
You were very full.

You visited 2 branches of the dungeon, and saw 21 of its levels.
You also visited: Ice Cave.

You collected 1422 gold pieces.
You spent 130 gold pieces at shops.

Inventory:

Hand Weapons
 a - a +2 battleaxe of draining (weapon)
 b - a +0 morningstar
 X - a +2 triple sword of freezing
Missiles
 h - 645 stones (quivered)
 j - 253 arrows
 q - 224 bolts
 T - 3 throwing nets
Armour
 y - the +1 pair of boots "Echig" (worn) {rC+ MR++}
   (You found it on level 12 of the Dungeon)

   It protects you from cold.
   It affects your resistance to hostile enchantments.
 H - a +2 helmet (worn)
 N - a +2 pair of gloves (worn)
 O - a +2 plate armour of fire resistance (worn)
Jewellery
 i - a ring of stealth (left hand)
 n - an uncursed ring of resist corrosion
 r - an uncursed amulet of guardian spirit
 t - the amulet of the Cast Vote (around neck) {Gourm rC- rN++ Str+2 SInv}
   (You found it on level 12 of the Dungeon)

   [amulet of the gourmand]

   It allows you to eat raw meat even when not hungry.
   It affects your strength (+2).
   It makes you vulnerable to cold.
   It greatly protects you from negative energy.
   It lets you see invisible.
 z - the ring "Jemainn" {Fire +Fly rN+ Stlth+}
   (You found it on level 6 of the Lair of Beasts)

   [ring of fire]

   It enhances your fire magic.
   It protects you from fire.
   It makes you vulnerable to cold.
   It protects you from negative energy.
   It lets you fly.
   It makes you more stealthy.
 Z - a ring of ice (right hand)
Wands
 Q - a wand of paralysis (32)
 R - a wand of iceblast (10)
 U - a wand of acid (26)
Scrolls
 e - 4 scrolls of holy word
 g - 6 scrolls of enchant weapon
 k - 4 scrolls of magic mapping
 o - 10 scrolls of teleportation
 u - 7 scrolls of enchant armour
 v - 7 scrolls of remove curse
 B - 3 scrolls of fog
 C - a scroll of vulnerability
 I - a scroll of identify
 K - 2 scrolls of blinking
 L - 5 scrolls of fear
 M - 2 scrolls of silence
 Y - 2 scrolls of immolation {unknown}
Potions
 d - 3 potions of resistance
 l - a potion of ambrosia
 m - 3 potions of lignification
 p - 12 potions of curing
 s - 2 potions of berserk rage
 x - a potion of magic
 A - a potion of mutation
 D - 4 potions of brilliance
 E - 3 potions of agility
 F - a potion of might
 J - a potion of heal wounds
 P - 3 potions of flight
Comestibles
 f - 27 rations


   Skills:
 + Level 10.1 Fighting
 + Level 10.1 Short Blades
 + Level 10.1 Long Blades
 + Level 10.1 Axes
 + Level 10.1 Maces & Flails
 + Level 10.1 Polearms
 + Level 10.1 Staves
 + Level 10.1 Slings
 + Level 10.1 Bows
 + Level 10.1 Crossbows
 + Level 10.1 Throwing
 + Level 10.1 Armour
 + Level 10.1 Dodging
 + Level 10.9 Stealth
 + Level 10.1 Shields
 + Level 10.1 Unarmed Combat
 + Level 12.1 Spellcasting
 + Level 8.5 Conjurations
 + Level 8.5 Hexes
 + Level 9.3 Charms
 + Level 8.5 Summonings
 + Level 8.5 Necromancy
 + Level 8.5 Translocations
 + Level 8.5 Transmutations
 + Level 8.5 Fire Magic
 + Level 8.8 Ice Magic
 + Level 8.8 Air Magic
 + Level 8.5 Earth Magic
 + Level 8.8 Poison Magic
 + Level 10.9 Invocations
 + Level 10.1 Evocations


You had 30 spell levels left.
You knew the following spells:

 Your Spells              Type           Power        Failure   Level  Hunger
a - Shock                 Conj/Air       ####         3%          1    None
b - Regeneration          Chrm/Necr      ####......   9%          3    None
c - Animate Dead          Necr           N/A          34%         4    ###....


Dungeon Overview and Level Annotations

Branches:
Dungeon (15/15)            Temple (0/1) D:4            Lair (6/6) D:9
  Swamp (0/4) Lair:2        Snake (0/4) Lair:3        Slime (0/5) Lair:5
    Orc (0/2) D:11         Vaults (0/5) D:13
 Depths: D:15

Altars:
Ashenzari
Cheibriados
Dithmenos
Elyvilon
Fedhas
Hepliaklqana
Makhleb
Nemelex Xobeh
Okawaru
Qazlal
Ru
Sif Muna
Uskayaw
The Shining One

Shops:
D:5 *   D:12 =   D:14 *


Innate Abilities, Weirdness & Mutations

Your experience applies equally to all skills.
You have very sharp teeth.
Your uncanny sense of smell can sniff out nearby items.


Message History

The freezing wraith closely misses you.
Unknown command.
You hit the freezing wraith.
The freezing wraith is severely damaged.
The freezing wraith hits you but does no damage.
The freezing wraith closely misses you. x2; The freezing wraith hits you.
* * * LOW HITPOINT WARNING * * *
The freezing wraith drains your vigour!
You feel as though you will be slow longer.
You completely miss the freezing wraith.
The freezing wraith is heavily damaged.
Your neqoxec gestures.
The freezing wraith hits you.
* * * LOW HITPOINT WARNING * * *
The freezing wraith freezes you! You resist.
* * * LOW HITPOINT WARNING * * *
The freezing wraith barely misses you. The freezing wraith hits you!
* * * LOW HITPOINT WARNING * * *
The freezing wraith freezes you. You resist.
You die...

........... ##########.
...# .. # .. ...#.. # #..
...#. # #.######..' #
#.#....#..# # #.#....#..#
##### #.#....#..######.
....######.#...W@3........
...........######5........
..........................
.#########................
.# #................ .#
##########....... .#
....... .# ####... ## ...


You could see a freezing wraith, a friendly neqoxec and a friendly quasit.

Vanquished Creatures
  Azrael (D:12)
  3 dire elephants (Lair:6)
  Snorg (D:13)
  Josephine (D:13)
  Erolcha (D:13)
  A vault guard (D:13)
  Harold (Lair:4)
  4 hydras
  A catoblepas (D:13)
  Erica (D:10)
  An anaconda (Lair:6)
  4 two-headed ogres
  A death yak (D:13)
  A tengu warrior (D:13)
  Sonja (D:10)
  2 unseen horrors
  A wizard (D:12)
  Pikel (D:7)
  A lindwurm (Lair:4)
  4 manticores
  8 ugly things
  5 cyclopes
  23 elephants
  2 ice statues (IceCv)
  Maurice (D:10)
  A black mamba (Lair:5)
  A gargoyle (D:14)
  4 komodo dragons
  The ghost of RottenKnight the Caller, a novice MfSu (D:5)
  8 spiny frogs
  A kobold demonologist (D:9)
  5 yaktaurs (D:14)
  4 trolls
  A meliai (D:13)
  A hornet (D:10)
  12 polar bears
  Prince Ribbit (D:7)
  16 blink frogs
  A harpy skeleton (D:14)
  A meliai zombie (D:15)
  6 dream sheep (Lair:5)
  7 hippogriffs
  Sigmund (D:3)
  3 wyverns
  A shadow (D:12)
  3 fire elementals (D:13)
  4 wraiths (D:13)
  54 yaks
  2 basilisks
  5 hungry ghosts
  3 vampire mosquitoes (D:11)
  2 soldier ants
  7 swamp worms (D:13)
  2 nagas (Lair:3)
  10 water moccasins
  5 hell hounds
  5 porcupines
  3 orc warriors
  6 sky beasts
  2 slaves
  2 ogres
  4 phantoms
  An eye of draining (shapeshifter) (D:13)
  11 ice beasts
  A necrophage (D:8)
  32 wolves
  3 centaurs
  17 crocodiles
  2 big kobolds (D:9)
  Blork the orc (D:4)
  15 bullfrogs
  A wyvern zombie (D:14)
  A gnoll sergeant (D:10)
  A wyvern skeleton (D:9)
  7 scorpions
  A hornet simulacrum (D:13)
  14 killer bees
  19 wights
  3 electric eels
  2 howler monkeys (D:5)
  A lava snake (Lair:3)
  4 centaur skeletons
  6 crimson imps
  A bullfrog zombie (D:12)
  4 centaur zombies
  6 orc priests
  5 hounds
  A wyvern simulacrum (D:13)
  5 jellies
  11 orc wizards
  6 bullfrog skeletons
  5 iguanas
  Ijyb (D:4)
  15 worker ants
  A hound zombie (D:3)
  2 hound skeletons
  A howler monkey zombie (D:11)
  7 gnolls
  A howler monkey skeleton (D:10)
  19 adders
  3 white imps (D:13)
  An ooze (Lair:5)
  3 adder skeletons
  2 adder zombies
  15 worms
  A dart slug (D:1)
  5 leopard geckos
  55 orcs
  12 bats
  7 giant cockroaches
  10 goblins
  8 hobgoblins
  18 jackals
  8 quokkas
  3 ball pythons
  3 frilled lizards
  20 kobolds
  2 leopard gecko zombies
  A quokka zombie (D:5)
  4 rats
  A bush (Lair:4)
  A fungus (Lair:1)
  5 plants
688 creatures vanquished.

Vanquished Creatures (collateral kills)
  A frost giant (IceCv)
  The ghost of attackplan the Severer, a journeyman HOFi of Cheibriados (Lair:3)
  2 dire elephants
  2 hydras
  A tengu warrior (D:14)
  The ghost of Deebo the Chiller, a novice DsIE of Kikubaaqudgha (D:10)
  A deep elf archer (D:13)
  An ugly thing (D:13)
  A faun (Lair:4)
  A tengu conjurer (D:13)
  2 meliai (D:13)
  4 polar bears
  2 hippogriffs
  A spriggan (Lair:2)
  A yak (IceCv)
  A black bear (Lair:2)
  An orc warrior (D:8)
  13 wolves
  A phantom (D:12)
  2 killer bees (D:10)
  An orc wizard (D:11)
  A worker ant (D:10)
  A hound skeleton (D:10)
  A shadow imp (D:13)
  An orc (D:8)
  A plant (Lair:4)
46 creatures vanquished.

Vanquished Creatures (others)
  The ghost of tidbits the Sneak, an amateur GnEn (D:4)
  An ufetubus (D:13)
  An orc (D:8)
  24 fungi
  13 plants
40 creatures vanquished.

Grand Total: 774 creatures vanquished

Notes
Turn   | Place    | Note
-------+----------+-------------------------------------------
     0 | D:1      | toffzen the Gnoll Wanderer began the quest for the Orb.
     0 | D:1      | toffzen set off with: a +2 dagger, a potion of berserk rage, Qiukulyxt's Reference Book on Feathers, a potion of lignification, a +0 robe, a ration
     0 | D:1      | Reached XP level 1. HP: 13/13 MP: 8/8
     0 | D:1      | Identified Qiukulyxt's Reference Book on Feathers
   302 | D:1      | Reached XP level 2. HP: 17/19 MP: 10/10
   759 | D:1      | Reached XP level 3. HP: 25/25 MP: 11/11
  1110 | D:1      | Reached skill level 1 in Invocations
  1724 | D:1      | Learned a level 1 spell: Shock
  1758 | D:2      | Found a burning altar of Makhleb.
  1764 | D:2      | Became a worshipper of Makhleb the Destroyer
  2288 | D:2      | Reached skill level 1 in Fighting
  2288 | D:2      | Reached skill level 1 in Short Blades
  2288 | D:2      | Reached skill level 1 in Long Blades
  2288 | D:2      | Reached skill level 1 in Axes
  2288 | D:2      | Reached skill level 1 in Maces & Flails
  2288 | D:2      | Reached skill level 1 in Polearms
  2288 | D:2      | Reached skill level 1 in Staves
  2288 | D:2      | Reached skill level 1 in Slings
  2288 | D:2      | Reached skill level 1 in Bows
  2288 | D:2      | Reached skill level 1 in Crossbows
  2288 | D:2      | Reached skill level 1 in Throwing
  2288 | D:2      | Reached skill level 1 in Armour
  2288 | D:2      | Reached skill level 1 in Dodging
  2288 | D:2      | Reached skill level 1 in Shields
  2288 | D:2      | Reached skill level 1 in Unarmed Combat
  2288 | D:2      | Reached skill level 1 in Evocations
  2372 | D:1      | Reached XP level 4. HP: 26/32 MP: 5/13
  2965 | D:2      | Found a faded altar of an unknown god.
  3148 | D:3      | Reached skill level 1 in Conjurations
  3148 | D:3      | Reached skill level 1 in Hexes
  3148 | D:3      | Reached skill level 1 in Summonings
  3148 | D:3      | Reached skill level 1 in Necromancy
  3148 | D:3      | Reached skill level 1 in Translocations
  3148 | D:3      | Reached skill level 1 in Transmutations
  3148 | D:3      | Reached skill level 1 in Fire Magic
  3148 | D:3      | Reached skill level 1 in Earth Magic
  3557 | D:3      | Reached XP level 5. HP: 33/37 MP: 14/14
  3833 | D:3      | Noticed Sigmund
  4559 | D:3      | Killed Sigmund
  4559 | D:3      | Reached XP level 6. HP: 33/44 MP: 16/16
  4858 | D:4      | Noticed tidbits's ghost (amateur GnEn)
  4895 | D:4      | Reached * piety under Makhleb
  4925 | D:4      | Found a stormy altar of Qazlal.
  4944 | D:4      | Found a glowing golden altar of the Shining One.
  4993 | D:4      | Found a deep blue altar of Sif Muna.
  5075 | D:4      | Found a sparkling altar of Nemelex Xobeh.
  5213 | D:4      | Killed tidbits's ghost
  5405 | D:4      | Reached XP level 7. HP: 50/50 MP: 18/18
  5669 | D:4      | Noticed Ijyb
  5682 | D:4      | Killed Ijyb
  6188 | D:4      | Noticed Blork the orc
  6206 | D:4      | Killed Blork the orc
  6348 | D:4      | Found a staircase to the Ecumenical Temple.
  6466 | D:4      | Found a hazy altar of Hepliaklqana.
  6502 | D:4      | Reached skill level 5 in Stealth
  6656 | D:5      | Entered Level 5 of the Dungeon
  6714 | D:5      | Found Cuowubih's Assorted Antiques.
  7272 | D:5      | Bought a potion of heal wounds for 130 gold pieces
  7370 | D:5      | Reached XP level 8. HP: 34/57 MP: 19/19
  7491 | D:5      | Noticed RottenKnight's ghost (novice MfSu)
  7505 | D:5      | Killed RottenKnight's ghost
  7656 | D:5      | Found a shattered altar of Ashenzari.
  8514 | D:5      | Reached ** piety under Makhleb
  8514 | D:5      | Reached skill level 8 in Spellcasting
  8952 | D:6      | Found a blossoming altar of Fedhas.
  9984 | D:6      | Reached XP level 9. HP: 65/65 MP: 21/21
  9986 | D:6      | Reached skill level 5 in Charms
 11186 | D:7      | Noticed Prince Ribbit
 11198 | D:7      | Killed Prince Ribbit
 11202 | D:7      | Reached skill level 5 in Invocations
 11213 | D:7      | Reached *** piety under Makhleb
 11400 | D:7      | Reached XP level 10. HP: 73/73 MP: 20/22
 11436 | D:7      | Noticed Pikel
 11442 | D:7      | Killed Pikel
 11476 | D:7      | Found an iron altar of Okawaru.
 11517 | D:7      | Found a shadowy altar of Dithmenos.
 11632 | D:7      | Found a snail-covered altar of Cheibriados.
 11634 | D:7      | Found a hide-covered altar of Uskayaw.
 11777 | D:8      | Reached skill level 5 in Fighting
 11777 | D:8      | Reached skill level 5 in Short Blades
 11777 | D:8      | Reached skill level 5 in Long Blades
 11777 | D:8      | Reached skill level 5 in Axes
 11777 | D:8      | Reached skill level 5 in Maces & Flails
 11777 | D:8      | Reached skill level 5 in Polearms
 11777 | D:8      | Reached skill level 5 in Staves
 11777 | D:8      | Reached skill level 5 in Slings
 11777 | D:8      | Reached skill level 5 in Bows
 11777 | D:8      | Reached skill level 5 in Crossbows
 11777 | D:8      | Reached skill level 5 in Throwing
 11777 | D:8      | Reached skill level 5 in Armour
 11777 | D:8      | Reached skill level 5 in Dodging
 11777 | D:8      | Reached skill level 5 in Shields
 11777 | D:8      | Reached skill level 5 in Unarmed Combat
 11777 | D:8      | Reached skill level 5 in Evocations
 12541 | D:8      | Found a sacrificial altar of Ru.
 12988 | D:9      | Noticed a kobold demonologist
 13068 | D:9      | Reached skill level 9 in Spellcasting
 13110 | D:9      | Reached **** piety under Makhleb
 13278 | D:9      | Reached skill level 5 in Ice Magic
 13278 | D:9      | Reached skill level 5 in Air Magic
 13278 | D:9      | Reached skill level 5 in Poison Magic
 13355 | D:9      | Learned a level 3 spell: Regeneration
 13429 | D:9      | Found a staircase to the Lair.
 13657 | D:9      | Noticed a rust devil
 13657 | D:9      | Killed a kobold demonologist
 13776 | D:10     | Entered Level 10 of the Dungeon
 13978 | D:9      | Found an iron altar of Okawaru.
 14468 | Lair:1   | Entered Level 1 of the Lair of Beasts
 14483 | Lair:1   | Reached XP level 11. HP: 60/81 MP: 19/24
 14873 | Lair:1   | Reached ***** piety under Makhleb
 14876 | Lair:1   | Reached skill level 5 in Conjurations
 14876 | Lair:1   | Reached skill level 5 in Hexes
 14876 | Lair:1   | Reached skill level 5 in Summonings
 14876 | Lair:1   | Reached skill level 5 in Necromancy
 14876 | Lair:1   | Reached skill level 5 in Translocations
 14876 | Lair:1   | Reached skill level 5 in Transmutations
 14876 | Lair:1   | Reached skill level 5 in Fire Magic
 14876 | Lair:1   | Reached skill level 5 in Earth Magic
 15430 | Lair:1   | You fall through a shaft!
 15638 | Lair:1   | Identified 3 scrolls of acquirement
 16056 | Lair:2   | Noticed a seven-headed hydra
 16070 | Lair:2   | Killed a seven-headed hydra
 16435 | Lair:2   | Found a staircase to the Swamp.
 17037 | Lair:3   | Noticed a seven-headed hydra
 17056 | Lair:3   | Killed a seven-headed hydra
 17056 | Lair:3   | Reached XP level 12. HP: 89/89 MP: 25/25
 17320 | Lair:3   | Found a staircase to the Snake Pit.
 17373 | Lair:3   | Noticed attackplan's ghost (journeyman HOFi)
 17926 | Lair:3   | Reached skill level 10 in Spellcasting
 18252 | Lair:3   | Noticed a six-headed hydra
 18270 | Lair:3   | Killed a six-headed hydra
 18619 | Lair:3   | Killed attackplan's ghost
 18978 | Lair:4   | Noticed Harold
 18993 | Lair:4   | Killed Harold
 20513 | Lair:5   | Reached XP level 13. HP: 93/98 MP: 24/27
 20567 | Lair:5   | Found a frozen archway.
 20584 | IceCv    | Entered an ice cave
 20636 | IceCv    | Learned a level 4 spell: Animate Dead
 20972 | IceCv    | Noticed a frost giant
 21346 | IceCv    | Killed a frost giant
 21914 | Lair:5   | Found a staircase to the Slime Pits.
 22271 | Lair:5   | Got a pair of twisted gloves
 22282 | Lair:5   | Identified the +1 pair of gloves of Slovenliness {-Cast rN+ Dex+4} (You found it on level 5 of the Lair of Beasts)
 22649 | Lair:6   | Entered Level 6 of the Lair of Beasts
 22823 | Lair:6   | Got a warped copper ring
 22826 | Lair:6   | Identified the ring "Jemainn" {Fire +Fly rN+ Stlth+} (You found it on level 6 of the Lair of Beasts)
 22988 | Lair:6   | Reached skill level 11 in Spellcasting
 23353 | Lair:6   | Reached XP level 14. HP: 80/106 MP: 21/29
 23989 | Lair:6   | Noticed a dire elephant
 24001 | Lair:6   | Killed a dire elephant
 24012 | Lair:6   | Noticed a dire elephant
 24015 | Lair:6   | Noticed a dire elephant
 24037 | Lair:6   | Killed a dire elephant
 24040 | Lair:6   | Killed a dire elephant
 24161 | Lair:6   | Reached skill level 10 in Stealth
 24246 | Lair:6   | Noticed a dire elephant
 24246 | Lair:6   | Noticed a dire elephant
 24356 | Lair:5   | Killed a dire elephant
 24712 | Lair:6   | Got an encrusted chain mail
 24725 | Lair:6   | Identified the +0 chain mail "Joemmomerch" {rF+ Str-5 Dex+2} (You found it on level 6 of the Lair of Beasts)
 24832 | Lair:6   | Killed a dire elephant
 25640 | D:10     | Noticed Sonja
 25649 | D:10     | Killed Sonja
 25659 | D:10     | Reached skill level 10 in Invocations
 25742 | D:10     | Noticed Maurice
 25748 | D:10     | Killed Maurice
 25836 | D:10     | Noticed Deebo's ghost (novice DsIE)
 25850 | D:10     | Killed Deebo's ghost
 26093 | D:10     | Noticed Erica
 26097 | D:10     | Killed Erica
 27156 | D:11     | Found a staircase to the Orcish Mines.
 27861 | D:12     | Got a glittering zirconium amulet
 27870 | D:12     | Found Oceruibue's Jewellery Shoppe.
 27921 | D:12     | Identified the amulet of the Cast Vote {Gourm rC- rN++ Str+2 SInv} (You found it on level 12 of the Dungeon)
 28179 | D:12     | Found a sacrificial altar of Ru.
 28241 | D:12     | Got a pair of twisted boots
 28247 | D:12     | Identified the +1 pair of boots "Echig" {rC+ MR++} (You found it on level 12 of the Dungeon)
 28357 | D:12     | Reached XP level 15. HP: 114/114 MP: 30/30
 28604 | D:13     | Noticed Azrael
 28864 | D:12     | Killed Azrael
 29536 | D:13     | Noticed Snorg
 30106 | D:13     | Found a gate to the Vaults.
 30296 | D:13     | Noticed Josephine
 30310 | D:13     | Killed Josephine
 30981 | D:13     | Killed Snorg
 31157 | D:13     | Noticed Erolcha
 31172 | D:13     | Killed Erolcha
 31172 | D:13     | Reached skill level 12 in Spellcasting
 31860 | D:14     | Found Xexiket's General Store.
 31881 | D:14     | Reached skill level 10 in Fighting
 31881 | D:14     | Reached skill level 10 in Short Blades
 31881 | D:14     | Reached skill level 10 in Long Blades
 31881 | D:14     | Reached skill level 10 in Axes
 31881 | D:14     | Reached skill level 10 in Maces & Flails
 31881 | D:14     | Reached skill level 10 in Polearms
 31881 | D:14     | Reached skill level 10 in Staves
 31881 | D:14     | Reached skill level 10 in Slings
 31881 | D:14     | Reached skill level 10 in Bows
 31881 | D:14     | Reached skill level 10 in Crossbows
 31881 | D:14     | Reached skill level 10 in Throwing
 31881 | D:14     | Reached skill level 10 in Armour
 31881 | D:14     | Reached skill level 10 in Dodging
 31881 | D:14     | Reached skill level 10 in Shields
 31881 | D:14     | Reached skill level 10 in Unarmed Combat
 31881 | D:14     | Reached skill level 10 in Evocations
 32668 | D:15     | Entered Level 15 of the Dungeon
 32668 | D:15     | Found a white marble altar of Elyvilon.
 32850 | D:15     | HP: 1/115 [freezing wraith (8)]
 32850 | D:15     | Slain by a freezing wraith

Skill      XL: |  1  2  3  4  5  6  7  8  9 10 11 12 13 14 15 |
---------------+----------------------------------------------+-----
Ice Magic      | 2 3 4 5 6 7 8 |  8.8
Air Magic      | 2 3 4 5 6 7 8 |  8.8
Poison Magic   | 2 3 4 5 6 7 8 |  8.8
Invocations    | 1 2 3 4 5 6 7 8 9 10 | 10.9
Fighting       | 1 2 3 4 5 6 7 8 9 10 | 10.1
Short Blades   | 1 2 3 4 5 6 7 8 9 10 | 10.1
Long Blades    | 1 2 3 4 5 6 7 8 9 10 | 10.1
Axes           | 1 2 3 4 5 6 7 8 9 10 | 10.1
Maces & Flails | 1 2 3 4 5 6 7 8 9 10 | 10.1
Polearms       | 1 2 3 4 5 6 7 8 9 10 | 10.1
Staves         | 1 2 3 4 5 6 7 8 9 10 | 10.1
Slings         | 1 2 3 4 5 6 7 8 9 10 | 10.1
Bows           | 1 2 3 4 5 6 7 8 9 10 | 10.1
Crossbows      | 1 2 3 4 5 6 7 8 9 10 | 10.1
Throwing       | 1 2 3 4 5 6 7 8 9 10 | 10.1
Armour         | 1 2 3 4 5 6 7 8 9 10 | 10.1
Dodging        | 1 2 3 4 5 6 7 8 9 10 | 10.1
Shields        | 1 2 3 4 5 6 7 8 9 10 | 10.1
Unarmed Combat | 1 2 3 4 5 6 7 8 9 10 | 10.1
Evocations     | 1 2 3 4 5 6 7 8 9 10 | 10.1
Conjurations   | 1 2 3 4 5 6 7 8 |  8.5
Hexes          | 1 2 3 4 5 6 7 8 |  8.5
Summonings     | 1 2 3 4 5 6 7 8 |  8.5
Necromancy     | 1 2 3 4 5 6 7 8 |  8.5
Translocations | 1 2 3 4 5 6 7 8 |  8.5
Transmutations | 1 2 3 4 5 6 7 8 |  8.5
Fire Magic     | 1 2 3 4 5 6 7 8 |  8.5
Earth Magic    | 1 2 3 4 5 6 7 8 |  8.5
Charms         | 4 5 6 7 8 9 |  9.3
Stealth        | 5 6 7 8 9 10 | 10.9
Spellcasting   | 8 9 10 11 12 | 12.1

Action                   |  1- 3 |  4- 6 |  7- 9 | 10-12 | 13-15 || total
-------------------------+-------+-------+-------+-------+-------++-------
Melee: Dagger            |   123 |   152 |     1 |       |       ||   276
       Bite              |    10 |    18 |    34 |    71 |   191 ||   324
       Punch             |       |     1 |     6 |       |     1 ||     8
       War axe           |       |       |   271 |       |       ||   271
       Battleaxe         |       |       |    56 |   469 |  1188 ||  1713
       Lajatang          |       |       |       |    12 |       ||    12
       Morningstar       |       |       |       |     8 |    23 ||    31
       Triple sword      |       |       |       |     3 |       ||     3
Throw: Stone             |    19 |    31 |    19 |       |       ||    69
 Cast: Shock             |    17 |       |       |       |       ||    17
       Regeneration      |       |       |       |     3 |       ||     3
       Animate Dead      |       |       |       |       |     8 ||     8
Invok: Minor Destruction |       |       |   112 |   350 |   301 ||   763
       Lesser Servant of |       |       |       |    18 |    32 ||    50
       Major Destruction |       |       |       |       |    22 ||    22
Evoke: Wand              |       |       |    18 |       |     5 ||    23
  Use: Potion            |       |     4 |     9 |     1 |     7 ||    21
       Scroll            |       |     5 |    14 |    17 |     9 ||    45
 Stab: Sleeping          |     7 |     6 |     6 |     1 |     3 ||    23
       Distracted        |       |       |     1 |     3 |     9 ||    13
  Eat: Chunk             |     5 |     9 |    15 |    16 |    45 ||    90
       Ration            |       |       |     3 |     5 |     7 ||    15
Armor: Robe              |    23 |     1 |       |       |       ||    24
       Ring mail         |       |    54 |   122 |   288 |   251 ||   715
       Skin              |       |     5 |       |       |       ||     5
       Plate armour      |       |       |       |       |   665 ||   665
Dodge: Dodged            |    54 |    73 |   209 |   531 |  1236 ||  2103
